AoeStats
← Jayklops

Arabia

510745302Analyzed
1v1 RM · 19h ago on Oct 2, 2026· 60m 31s· 2 players
Game mode
Random Map
Map size
Tiny (2 player)
Population
200
Speed
Normal
Resources
Standard
Victory
Conquest
Starting age
Dark Age
Ending age
Imperial Age
RankedLock teamsTeams togetherTeam positionsShared explorationLock speedFull tech treeHidden civsTurbo modeCheats
Victory
Defeat
🇬🇧 Danes · United Kingdom
1948
+16
🇩🇪 Magyars · Germany
1957
-16
Aristocats
6:48 Loom
9:26 Feudal Age
10:06 Double-Bit Axe
10:13 Horse Collar
18:12 Castle Age
18:37 Fletching
19:12 Bow Saw
19:35 Bodkin Arrow
19:34 Town Watch
20:31 Wheelbarrow
21:34 Town Watch
22:44 Padded Archer Armor
22:44 Elite Skirmisher
24:34 Leather Archer Armor
27:37 Ballistics
30:27 Scale Mail Armor
30:47 Heavy Plow
31:58 Hand Cart
32:17 Caravan
35:06 Imperial Age
33:14 Gold Mining
33:15 Stone Mining
34:08 Chain Mail Armor
34:15 Pikeman
34:55 Squires
36:23 Plate Mail Armor
35:53 Bracer
36:07 Masonry
36:58 Chemistry
36:40 Arson
37:34 Forging
37:40 Halberdier
40:12 Thumb Ring
41:58 Gambesons
42:52 Conscription
42:28 Elite Varangian Guard
47:55 Iron Casting
47:51 Ring Archer Armor
46:59 Hamask
51:23 Gold Shaft Mining
51:10 Elite Jomsviking
56:50 Hoardings
57:17 Blast Furnace
60:58 Guard Tower
Jayklops
0:50 Loom
5:38 Loom
8:52 Feudal Age
10:11 Double-Bit Axe
10:08 Horse Collar
19:41 Castle Age
18:07 Fletching
18:19 Padded Archer Armor
18:58 Bloodlines
18:42 Gold Mining
20:21 Bodkin Arrow
20:27 Husbandry
20:40 Bow Saw
20:33 Heavy Plow
25:39 Ballistics
25:58 Wheelbarrow
29:05 Scale Barding Armor
33:09 Imperial Age
32:01 Light Cavalry
33:06 Chain Barding Armor
35:31 Bracer
39:19 Chemistry
40:33 Parthian Tactics
44:21 Plate Barding Armor
47:47 Thumb Ring
48:04 Leather Archer Armor
51:06 Recurve Bow
54:19 Two-Man Saw
53:33 Heavy Cavalry Archer
55:28 Hussar
Connection lost

Rejoining the realm…

Still unreachable

The connection could not be restored.

Session expired

The server has moved on; the page needs a fresh start.